 Dungeon Crawl Stone Soup version 0.20.0-15-g7f486f2 (webtiles) character file.

23 Merlin the Firebug (level 2, -2/19 HPs)
             Began as a Demonspawn Fire Elementalist on June 17, 2017.
             Killed by nerve-wracking pain
             ... invoked by Grinder
              (6 damage)
             ... on level 3 of the Dungeon.
             The game lasted 00:13:15 (768 turns).

Merlin the Firebug (Demonspawn Fire Elementalist)    Turns: 768, Time: 00:13:17

Health: -2/19      AC:  2    Str:  8    XL:     2   Next: 75%
Magic:  5/5        EV: 12    Int: 16    God:
Gold:   54         SH:  0    Dex: 13    Spells: 2/5 levels left

rFire    . . .     SeeInvis .   d - +0 spear
rCold    . . .     Gourm    .   (no shield)
rNeg     . . .     Faith    .   a - +0 robe
rPois    .         Spirit   .   (no helmet)
rElec    .         Reflect  .   (no cloak)
rCorr    .         Harm     .   (no gloves)
MR       .....                  (no boots)
Stlth    ++........             (no amulet)
Regen    0.1/turn               (no ring)
MPRegen  0.1/turn               (no ring)

@: very slightly contaminated
A: powered by pain 1
a: no special abilities


You were on level 3 of the Dungeon.
You were not hungry.

You visited 1 branch of the dungeon, and saw 3 of its levels.

You collected 54 gold pieces.

Inventory:

Hand Weapons
 d - a +0 spear (weapon)
 g - a +0 whip
 j - a +0 club
 k - a +0 dagger
 l - a +0 club
 n - a +0 hunting sling
Missiles
 o - 10 sling bullets
Armour
 a - a +0 robe (worn)
 e - a +0 robe
 h - a +0 ring mail
Scrolls
 f - a scroll of enchant armour {unknown}
Potions
 i - a potion of curing {unknown}
Books
 b - a book of Flames

   Spells                             Type                      Level
   a - Flame Tongue                   Conjuration/Fire             1
   b - Throw Flame                    Conjuration/Fire             2
   c - Conjure Flame                  Conjuration/Fire             3
   d - Inner Flame                    Hexes/Fire                   3
   e - Sticky Flame                   Conjuration/Fire             4
   f - Fireball                       Conjuration/Fire             5
Comestibles
 c - a bread ration
 m - a royal jelly


   Skills:
 + Level 0.3 Polearms
 + Level 0.1 Armour
 + Level 2.0 Dodging
 + Level 2.0 Stealth
 + Level 2.3 Spellcasting
 + Level 1.0 Conjurations
 + Level 3.0 Fire Magic


You had 2 spell levels left.
You knew the following spells:

 Your Spells              Type           Power        Failure   Level  Hunger
a - Flame Tongue          Conj/Fire      #....        9%          1    #......
b - Throw Flame           Conj/Fire      #.....       13%         2    ###....


Dungeon Overview and Level Annotations

Branches:
Dungeon (3/15)

Altars:

Annotations:
D:3 Grinder


Innate Abilities, Weirdness & Mutations

You sometimes gain a little power by taking damage.


Message History

Aim: a hobgoblin, wielding a club The puff of flame hits the hobgoblin.
You kill the hobgoblin!
You see here a club.
Grinder shouts!
Grinder blinks!
A goblin comes into view. It is wielding a dagger.
Grinder says, "Wait up."
You closely miss Grinder. Grinder hits you!
Ouch! That really hurt!
You focus on the pain.
You feel your power returning.
You writhe in agony.
* * * LOW HITPOINT WARNING * * *
The kobold shouts!
The hobgoblin shouts!
You hit Grinder.
Grinder is lightly wounded.
Grinder says, "Tell me all your secrets, or I'll kill you."
Grinder gestures at you. Pain shoots through your body!
You die...

.g............#
....###...###.# # ###
... #..g....#.#.#...
####.#.###.#.#.#.#.#
...)................
...#.#.###.#.#.#+###
.....................
g.. #.#######5#.....
.. #..g...)@.# .P.
###########


P You could see Grinder and a hobgoblin.

Vanquished Creatures
  A dart slug (D:1)
  A leopard gecko (D:1)
  A giant cockroach (D:1)
  A goblin (D:1)
  3 hobgoblins
  2 jackals (D:1)
  A ball python (D:1)
  4 bats (D:1)
  A frilled lizard (D:1)
  2 kobolds (D:1)
  2 rats (D:1)
19 creatures vanquished.

Notes
Turn   | Place    | Note
-------+----------+-------------------------------------------
     0 | D:1      | Merlin the Demonspawn Fire Elementalist began the quest for the Orb.
     0 | D:1      | Reached XP level 1. HP: 13/13 MP: 3/3
   123 | D:1      | Reached skill level 3 in Fire Magic
   209 | D:1      | Gained mutation: You sometimes gain a little power by taking damage. [demonic ancestry]
   209 | D:1      | Reached XP level 2. HP: 16/19 MP: 0/5
   233 | D:1      | Learned a level 2 spell: Throw Flame
   745 | D:3      | Noticed Grinder
   768 | D:3      | Killed from afar by Grinder

Skill      XL: |  1  2 |
---------------+-------+-----
Fire Magic     | 3 |  3.0
Stealth        | 2 |  2.0
Dodging        | 2 |  2.0
Polearms       | |  0.3
Armour         | |  0.1
Spellcasting   | |  2.3
Conjurations   | |  1.0

Action                   || total
-------------------------++-------
Melee: Spear             ||    71
 Cast: Flame Tongue      ||    10
       Throw Flame       ||     5
 Stab: Sleeping          ||     1
Armor: Robe              ||     8
       Ring mail         ||    23
Dodge: Dodged            ||    55
